 Dungeon Crawl Stone Soup version 0.21-a0-143-g1ab7d47 (webtiles) character file.

1125 grindst0ne the Firebug (level 8, -7/69 HPs)
             Began as a Hill Orc Fire Elementalist on July 25, 2017.
             Shot with an arrow by a centaur (15 damage)
             ... on level 5 of the Dungeon.
             The game lasted 00:12:25 (4891 turns).

grindst0ne the Firebug (Hill Orc Fire Elementalist) Turns: 4891, Time: 00:12:25

Health: -7/69      AC:  8    Str: 13    XL:     8   Next: 35%
Magic:  10/10      EV: 11    Int: 15    God:
Gold:   275        SH:  0    Dex: 11    Spells: 2/10 levels left

rFire    + . .     SeeInvis .   B - +0 war axe
rCold    x . .     Gourm    .   (no shield)
rNeg     . . .     Faith    .   H - +0 leather armour
rPois    .         Spirit   .   (no helmet)
rElec    .         Reflect  .   y - +2 cloak
rCorr    .         Harm     .   (no gloves)
MR       .....                  m - +0 pair of boots
Stlth    +.........             (no amulet)
HPRegen  0.21/turn              g - ring of fire
MPRegen  0.12/turn              i - +5 ring of slaying

@: no status effects
A: no striking features
a: no special abilities


You were on level 5 of the Dungeon.
You were not hungry.

You visited 2 branches of the dungeon, and saw 6 of its levels.

You collected 275 gold pieces.

Inventory:

Hand Weapons
 h - a +0 dagger
 j - a +1 whip of flaming
 o - a +0 mace
 B - a +0 war axe (weapon)
Missiles
 x - 2 throwing nets (quivered)
Armour
 a - a +0 robe
 m - a +0 pair of boots (worn)
 r - a +0 ring mail
 y - a +2 cloak (worn)
 H - a +0 leather armour (worn)
Jewellery
 g - a ring of fire (left hand)
 i - a +5 ring of slaying (right hand)
 u - an uncursed ring of see invisible {unknown}
Scrolls
 d - 5 scrolls of remove curse {unknown}
 f - 4 scrolls of identify {unknown}
 k - 3 scrolls of teleportation {unknown}
 n - 2 scrolls of magic mapping {unknown}
 q - a scroll of amnesia {unknown}
 t - 2 scrolls of recharging {unknown}
 w - a scroll of random uselessness {unknown}
 A - 2 scrolls of blinking {unknown}
 C - a scroll of immolation {unknown}
 F - a scroll of fog {unknown}
 J - a scroll of fear {unknown}
Potions
 e - a potion of flight
 l - a potion of curing {unknown}
 p - 2 potions of ambrosia
 s - 2 potions of might {unknown}
 D - 3 potions of heal wounds {unknown}
 E - a potion of lignification {unknown}
Books
 b - a book of Flames

   Spells                             Type                      Level
   a - Flame Tongue                   Conjuration/Fire             1
   b - Throw Flame                    Conjuration/Fire             2
   c - Conjure Flame                  Conjuration/Fire             3
   d - Inner Flame                    Hexes/Fire                   3
   e - Sticky Flame                   Conjuration/Fire             4
   f - Fireball                       Conjuration/Fire             5
Comestibles
 c - 4 bread rations
 v - 4 royal jellies
 z - 3 fruits
 G - a meat ration
 I - 9 chunks of flesh


   Skills:
 + Level 5.6 Fighting
 + Level 4.9 Axes
 + Level 4.5 Armour
 - Level 1.5 Dodging
 - Level 1.5 Stealth
 - Level 1.5 Spellcasting
 - Level 3.2 Conjurations
 + Level 6.1 Fire Magic


You had 2 spell levels left.
You knew the following spells:

 Your Spells              Type           Power        Failure   Level  Hunger
a - Flame Tongue          Conj/Fire      ###..        4%          1    ##.....
b - Conjure Flame         Conj/Fire      ###.....     12%         3    ####...
c - Sticky Flame          Conj/Fire      ###.....     38%         4    #####..


Dungeon Overview and Level Annotations

Branches:
Dungeon (5/15)             Temple (1/1) D:4

Altars:
Dithmenos
Elyvilon
Hepliaklqana
Kikubaaqudgha
Okawaru
Ru
Trog
Uskayaw
Xom
Yredelemnul
Zin
The Shining One


Message History

The arrow hits you.
You see here 3 arrows.
The centaur shoots an arrow.
The arrow hits you.
The centaur shoots an arrow.
The arrow hits you.
You see here 2 arrows.
The centaur shoots an arrow.
The arrow hits you!
The centaur unwields an uncursed shortbow.
The centaur hits you.
You see here an arrow.
You slash the centaur!
The centaur is heavily wounded.
The centaur shoots an arrow.
The arrow hits you!
* * * LOW HITPOINT WARNING * * *
The centaur hits you but does no damage.
The centaur shoots an arrow.
The arrow misses you. The centaur hits you!
* * * LOW HITPOINT WARNING * * *
You slash the centaur!
The centaur is severely wounded.
The centaur shoots an arrow.
The arrow hits you!
You die...

.#.#...#?#...#.#...# #
.#...#...#...#...#..# #
....................# #
...#...#...#...#....# #
..#.#...#(#...#.#..## #
.#...#...#...#...#.# #
.....c...(.........## #
.#...#(..#...#....# #
#.#.c@#!#...#.#...####
#...#...#...#...#......
.........(.........#####
# ################# # #
# # #


You could see 2 centaurs.

Vanquished Creatures
  Pikel (D:3)
  A phantom (D:4)
  A sky beast (D:5)
  Crazy Yiuf (D:2)
  An orc wizard (D:5)
  3 worker ants
  A hound zombie (D:5)
  19 gnolls
  A howler monkey skeleton (D:5)
  7 adders
  A shadow imp (D:5)
  An ooze (D:3)
  2 worms (D:2)
  2 dart slugs
  4 leopard geckos
  6 orcs
  3 ball pythons
  3 giant cockroaches
  8 goblins
  8 hobgoblins
  4 jackals
  11 bats
  3 frilled lizards
  11 kobolds
  5 rats
108 creatures vanquished.

Vanquished Creatures (others)
  A slave (D:4)
  An adder (D:4)
  A worm (D:4)
  3 orcs (D:4)
6 creatures vanquished.

Grand Total: 114 creatures vanquished

Notes
Turn   | Place    | Note
-------+----------+-------------------------------------------
     0 | D:1      | grindst0ne the Hill Orc Fire Elementalist began the quest for the Orb.
     0 | D:1      | Reached XP level 1. HP: 14/14 MP: 3/3
   139 | D:1      | Reached XP level 2. HP: 15/20 MP: 2/4
   892 | D:1      | Reached skill level 1 in Fighting
   892 | D:1      | Reached XP level 3. HP: 28/28 MP: 5/5
  1089 | D:2      | Found a basalt altar of Yredelemnul.
  1115 | D:2      | Reached skill level 1 in Armour
  1115 | D:2      | Reached skill level 4 in Fire Magic
  1144 | D:2      | Reached XP level 4. HP: 7/36 MP: 0/6
  1544 | D:2      | Reached XP level 5. HP: 28/42 MP: 4/7
  1803 | D:2      | Found a hazy altar of Hepliaklqana.
  1804 | D:2      | Found a shimmering altar of Xom.
  1805 | D:2      | Noticed a spectral ugly thing
  2279 | D:2      | Found a runed door.
  2283 | D:2      | Noticed Crazy Yiuf
  2287 | D:2      | Killed Crazy Yiuf
  2429 | D:3      | Reached XP level 6. HP: 47/50 MP: 8/8
  3249 | D:3      | Reached skill level 1 in Axes
  3416 | D:4      | Found a staircase to the Ecumenical Temple.
  3423 | Temple   | Entered the Ecumenical Temple
  3544 | D:4      | Noticed a slave
  3544 | D:4      | Noticed a slave
  3545 | D:4      | Noticed Pikel
  3546 | D:4      | Noticed a slave
  3546 | D:4      | Noticed a slave
  3659 | D:3      | Killed Pikel
  3659 | D:3      | Reached skill level 5 in Fire Magic
  3659 | D:3      | Reached XP level 7. HP: 21/60 MP: 9/9
  4241 | D:4      | Learned a level 3 spell: Conjure Flame
  4246 | D:4      | Learned a level 4 spell: Sticky Flame
  4389 | D:4      | Found a shadowy altar of Dithmenos.
  4462 | D:4      | Reached skill level 5 in Fighting
  4603 | D:4      | Reached XP level 8. HP: 42/68 MP: 4/10
  4632 | D:5      | Entered Level 5 of the Dungeon
  4758 | D:5      | Reached skill level 6 in Fire Magic
  4891 | D:5      | Shot with an arrow by a centaur

Vault maps used:
D:1:      dpeg_arrival_water_temple_mockup
D:2:      regret_index_temple_of_mockery, minmay_crystal_room,
          yredelemnul_altar_generic, uniq_crazy_yiuf_cottage
D:3:      first_bread, hangedman_decor_lopped
D:4:      kennysheep_little_box, temple_fountains, minmay_misc_feat_nine_boxes,
          uniq_pikel
D:5:      cheibrodos_fzero, lemuel_crystal_altar
Temple:   dpeg_three_leaves_temple

Skill      XL: |  1  2  3  4  5  6  7  8 |
---------------+-------------------------+-----
Fighting       | 1 2 4 5 |  5.6
Armour         | 1 2 3 4 |  4.5
Fire Magic     | 4 5 6 |  6.1
Conjurations   | 2 3 |  3.2
Axes           | 3 4 |  4.9
Dodging        | |  1.5
Stealth        | |  1.5
Spellcasting   | |  1.5

Action                   |  1- 3 |  4- 6 |  7- 9 || total
-------------------------+-------+-------+-------++-------
Melee: Dagger            |    19 |       |       ||    19
       Mace              |    13 |   107 |       ||   120
       War axe           |       |    53 |    51 ||   104
 Cast: Flame Tongue      |    36 |    23 |    23 ||    82
  Use: Potion            |       |     3 |       ||     3
 Stab: Sleeping          |     1 |     1 |       ||     2
  Eat: Chunk             |     1 |     9 |     5 ||    15
Armor: Robe              |     6 |       |       ||     6
       Ring mail         |       |    94 |     9 ||   103
       Leather armour    |       |       |    14 ||    14
Dodge: Dodged            |    26 |   144 |    23 ||   193
